 Dungeon Crawl Stone Soup version 0.29.1-15-g9cfb28693d (webtiles) character file.

Game seed: 5664540027059877147

711 javelincjr the Ducker (level 8, 23/50 HPs)
             Began as a Djinni Conjurer on Mar 10, 2023.
             Quit the game on level 3 of the Dungeon.
             The game lasted 00:08:45 (4410 turns).

javelincjr the Ducker (Djinni Conjurer)             Turns: 4410, Time: 00:08:46

Health: 23/50      AC:  5    Str:  8    XL:     8   Next: 0%
Gold:   202        EV: 15    Int: 20    God:
                   SH:  0    Dex: 18

rFire   + + .      SeeInvis .   o - +3 dagger (venom)
rCold   x . .      Faith    .   k - orb {light}
rNeg    . . .      Spirit   .   a - +0 robe
rPois   ∞          Reflect  .   h - +2 helmet
rElec   .          Harm     .   (no cloak)
rCorr   .          Rampage  .   (no gloves)
Will    .....                   (boots unavailable)
Stlth   +.........              (no amulet)
HPRegen 0.16/turn               i - +6 ring of dexterity
MPRegen 0.00/turn               (no ring)

@: flying, glowing
A: sickness immunity, fire resistance 2, cold vulnerability 1, float, innate
caster, HP casting, extra vitality 1
a: no special abilities


You were on level 3 of the Dungeon.
You visited 1 branch of the dungeon, and saw 4 of its levels.

You collected 202 gold pieces.

Inventory:

Hand Weapons
 g - a +1 dagger of venom
 o - a +3 dagger of venom (weapon)
 r - a +1 antimagic short sword
Armour
 a - a +0 robe (worn)
 h - a +2 helmet (worn)
 k - an orb of light (worn)
Jewellery
 i - a +6 ring of dexterity (left hand)
Wands
 m - a wand of flame (6)
 n - a wand of polymorph (3)
Scrolls
 b - a scroll of enchant armour {unknown}
 c - a scroll of brand weapon {unknown}
 d - 3 scrolls of teleportation {unknown}
 e - 3 scrolls of butterflies {unknown}
 l - 4 scrolls of identify {unknown}
 p - a scroll of vulnerability {unknown}
 q - a scroll of poison {unknown}
 s - a scroll of immolation {unknown}
Potions
 f - 3 potions of curing {unknown}
 j - a potion of lignification {unknown}


   Skills:
 + Level 5.6 Dodging
 + Level 4.5 Stealth
 + Level 4.8 Spellcasting


You couldn't memorise any spells.
You knew the following spells:

 Your Spells              Type           Power      Damage    Failure   Level
a - Magic Dart            Conj           96%        1d7       1%          1
b - Searing Ray           Conj           48%        2d6       2%          2
c - Dazzling Flash        Conj/Hex       48%        N/A       4%          3
d - Fulminant Prism       Conj/Hex       12%        3d9       16%         4
e - Iskenderun's Mystic   Conj/Tloc      24%        2d7       16%         4
f - Apportation           Tloc           48%        N/A       1%          1
g - Blink                 Tloc           48%        N/A       2%          2
h - Ozocubu's Armour      Ice            24%        N/A       4%          3
Your spell library was empty.

Dungeon Overview and Level Annotations

Branches:
Dungeon (4/15)
 Temple: D:4-7

Altars:
Nemelex Xobeh
Wu Jian

Annotations:
D:4 2 transporters, Ad1ctor's ghost, amateur MiFi


Innate Abilities, Weirdness & Mutations

You are immune to sickness and miasma.
You are immune to poison.
Your flesh is very heat resistant. (rF++)
You are vulnerable to cold. (rC-)
You float through the air rather than walking.
You learn spells naturally, not from books.
Your magical power is your life essence.
You have superior vitality. (+4 MHP)


Message History

There is a stone staircase leading up here.
You barely miss the yak. The yak completely misses you.
You hit the yak.
The yak is poisoned.
The yak is lightly wounded.
The yak gores you.
There is a stone staircase leading up here.
The yak closely misses you.
You fly upwards.
There is a stone staircase leading down here.
Casting: Fulminant Prism (quite dangerous; 19% risk of failure)
Confirm with . or Enter, or press ? or * to list all spells.
The spell is quite dangerous to miscast (19% risk of failure)!
Continue anyway?
You miscast Iskenderun's Mystic Blast.
You are very lightly contaminated with residual magic.
The air around you crackles with energy.
You are magically locked in place.
The yak gores you but does no damage.
You hit the yak but do no damage.
The yak looks as sick as possible!
The yak is lightly wounded.
The yak barely misses you.
Casting: Iskenderun's Mystic Blast (quite dangerous; 19% risk of failure)
Confirm with . or Enter, or press ? or * to list all spells.
The spell is quite dangerous to miscast (19% risk of failure)!
Continue anyway?
You erupt in a blast of force!
The mystic blast hits the yak!
The yak is heavily wounded.
The yak is knocked back by the mystic blast.
You cannot move.
You are no longer locked in place.
You hit the yak.
The yak looks as sick as possible!
The yak is severely wounded.
The yak gores you.
You barely miss the yak.
The yak is almost dead.
The yak gores you!
You hit the yak.
You kill the yak!
You have reached level 8!
You feel clever.
You start resting.
Your magical contamination has completely faded away.
Are you sure you want to abandon this character and quit the game? (Confirm with "yes".)

####### #.....#
#.....# ###....@#
#########.......#
##...............#
...#####.#.......#
####>....##......#
##..######......#
##).## #...######
)..## #.#.#
#########.#.##


There were no monsters in sight!

Vanquished Creatures
  3 yaks
  2 scorpions (D:4)
  Natasha (thrice) (D:2)
  A gnoll (D:1)
  An adder (D:4)
  3 worms
  3 dart slugs
  9 orcs
  4 bats
  3 endoplasms
  8 giant cockroaches (D:2)
  5 goblins
  5 hobgoblins
  4 quokkas
  7 ball pythons
  3 frilled lizards
  6 kobolds
  3 rats
73 creatures vanquished.

Vanquished Creatures (others)
  2 fulminant prisms (D:4)
  6 plants (D:4)
8 creatures vanquished.

Grand Total: 81 creatures vanquished

Notes
Turn   | Place    | Note
-------+----------+-------------------------------------------
     0 | D:1      | javelincjr the Djinni Conjurer began the quest for the Orb.
     0 | D:1      | javelincjr set off with the following spells memorised:
                  | Magic Dart, Searing Ray, Dazzling Flash, Fulminant Prism,
                  | Iskenderun's Mystic Blast.
     0 | D:1      | Reached XP level 1. HP: 15/15 MP: 0/0
   317 | D:1      | Reached XP level 2. HP: 12/21 MP: 0/0
   564 | D:1      | Reached XP level 3. HP: 19/25 MP: 0/0
   564 | D:1      | Learned a level 1 spell: Apportation
   698 | D:1      | Found a faded altar of an unknown god.
  1629 | D:2      | Reached skill level 3 in Dodging
  1871 | D:2      | Reached XP level 4. HP: 30/31 MP: 0/0
  1881 | D:2      | Noticed Natasha
  1884 | D:2      | Killed Natasha
  2176 | D:2      | Noticed Natasha
  2180 | D:2      | Killed Natasha
  2181 | D:2      | Reached XP level 5. HP: 29/35 MP: 0/0
  2181 | D:2      | Learned a level 2 spell: Blink
  2203 | D:2      | Noticed Natasha
  2210 | D:2      | Killed Natasha
  3063 | D:4      | Reached skill level 4 in Dodging
  3063 | D:4      | Reached XP level 6. HP: 29/40 MP: 0/0
  3239 | D:4      | Found a sparkling altar of Nemelex Xobeh.
  3239 | D:4      | Found an ornate altar of the Wu Jian Council.
  3372 | D:4      | Found a transporter.
  3373 | D:4      | Noticed Ad1ctor's ghost (amateur MiFi)
  3375 | D:4      | Found a transporter.
  3794 | D:4      | Identified the +1 trident of Ornamental Action {elec, Drain
                  | rElec rC- rCorr}
  3822 | D:4      | Noticed a yak
  3823 | D:4      | Noticed a yak
  3824 | D:4      | Noticed a yak
  3825 | D:4      | Noticed a yak
  3825 | D:4      | Noticed a yak
  3832 | D:4      | HP: 1/40 [yak (5)]
  3845 | D:4      | Killed a yak
  3846 | D:4      | Reached XP level 7. HP: 3/45 MP: 0/0
  3846 | D:4      | Learned a level 3 spell: Ozocubu's Armour
  4179 | D:3      | Killed a yak
  4180 | D:3      | Reached skill level 5 in Dodging
  4402 | D:3      | Killed a yak
  4403 | D:3      | Reached XP level 8. HP: 22/50 MP: 0/0
  4410 | D:3      | Quit the game

Illustrated notes

Levels and vault maps discovered:
D:1:      lightli_arrival_boilingwater, layout_basic,
          hellmonk_ecumenical_altar_inner_sanctum
D:2:      minmay_roachtagon, layout_loops_ring, minmay_distorted, uniq_natasha
D:3:      layout_rooms, dk_noncrumbling_2
D:4:      layout_cave_pools, mainiacjoe_overflow_large_starburst,
          gammafunk_ghost_gnarly_gnolls, kennysheep_decorative_pillar,
          minmay_snake_closets

Skill      XL: |  1  2  3  4  5  6  7 |
---------------+----------------------+-----
Stealth        | 2 3 4 |  4.5
Dodging        | 3 4 5 |  5.6
Spellcasting   | 4 |  4.8

Action                   |  1- 3 |  4- 6 |  7- 9 || total
-------------------------+-------+-------+-------++-------
Melee: Dagger            |     8 |    15 |    11 ||    34
 Cast: Magic Dart        |    57 |    48 |       ||   105
       Searing Ray       |     1 |    11 |       ||    12
       Fulminant Prism   |       |     2 |       ||     2
       Dazzling Flash    |       |     2 |       ||     2
       Iskenderun's Myst |       |     1 |     1 ||     2
Armor: Robe              |     3 |     4 |     3 ||    10
Dodge: Dodged            |     8 |    19 |     8 ||    35
